Map: Backwater LE

Players

Scarlett

  • Race: Zerg Zerg
  • Spawn Location: 11:00

Trust - Winner!

  • Race: Protoss Protoss
  • Spawn Location: 5:00

Event: IEM Season 12 - Katowice

VOD

Have the link to the VOD?

Description

Time

  • Played on: Feb. 26, 2018, 11:40 a.m.
  • Length: 5:03

All games in this series

Show
View Real Time Build Order
Export as new Build Order

Scarlett Zerg 

Build Orders: Pool First 

Get SALT Encoding   

  12  0:00  Drone  
  13  0:13  Extractor  
  12  0:23  Spawning Pool  
  12  0:28  Drone  
  12  0:32  Drone  
  13  0:38  Drone  
  14  0:48  Overlord  
  14  1:10  Zergling x4  
  17  1:11  Zergling x2  
  17  1:14  Metabolic Boost  
  17  1:23  Zergling x2  
  18  1:28  Queen  
  20  1:34  Zergling x2  
  21  1:46  Zergling x2  
  22  1:59  Hatchery  
  21  2:16  Evolution Chamber  
  21  2:17  Zergling x4  
  21  2:25  Overlord  
  21  2:40  Zergling x2  
  20  2:51  Zergling x8  
  23  3:00  Zergling x2  
  24  3:08  Zergling x2  
  24  3:11  Zergling x2  
  26  3:16  Zergling x6  
  29  3:30  Zergling x2  
  29  3:31  Zergling x2  
  29  3:32  Overlord  
  30  3:43  Zergling x6  
  24  4:00  Zergling x8  
  25  4:07  Drone  
  25  4:09  Drone  
  25  4:12  Drone  
  25  4:24  Drone x2  
  26  4:34  Drone x2  
  25  4:43  Drone  
  28  4:48  Spore Crawler  
Show
View Real Time Build Order
Export as new Build Order

Trust Protoss - Winner!

Build Orders: Oracle Opening 

Get SALT Encoding   

  12  0:00  Probe  
  13  0:12  Probe  
  14  0:19  Pylon  
  14  0:25  Probe (Chrono Boost)  
  15  0:37  Probe (Chrono Boost)  
  15  0:38  Gateway  
  16  0:45  Probe (Chrono Boost)  
  16  0:46  Assimilator  
  17  0:51  Probe  
  18  1:03  Probe  
  19  1:15  Probe  
  20  1:22  Assimilator  
  20  1:25  Cybernetics Core  
  20  1:28  Probe, Gateway  
  21  1:33  Zealot (Chrono Boost)  
  23  1:42  Pylon  
  23  2:00  Probe  
  23  2:01  Adept (Chrono Boost)  
  26  2:07  Stargate  
  26  2:17  Warp Gate  
  28  2:22  Adept  
  30  2:35  Pylon  
  30  2:39  Pylon  
  30  2:42  Gateway  
  28  2:53  Oracle (Chrono Boost)  
  31  3:00  Pylon  
  31  3:06  Adept  
  31  3:10  Probe  
  36  3:35  Adept x2  
  36  3:39  Pylon  
  37  3:54  Oracle  
  35  4:08  Pylon  
  34  4:14  Probe  
  35  4:21  Adept x2  
  39  4:28  Probe  
  39  4:33  Oracle (Chrono Boost)  
  42  4:40  Probe  
  43  4:46  Adept  
  46  4:56  Pylon  

Tags
 
Add a new tag
Caveats
  • Supply blocks, unpowered buildings, or Contaminate may cause inaccurate times.
  • Supply counts are checked every 10 seconds.